Map: Cyber Forest LE

Players

Scarlett - Winner!

  • Race: Zerg Zerg
  • Spawn Location: 5:00

Dear

  • Race: Protoss Protoss
  • Spawn Location: 11:00

Event: IEM Season 13: Katowice (2019)

VOD

Have the link to the VOD?

Description

Time

  • Played on: March 1, 2019, 10:08 a.m.
  • Length: 12:45

All games in this series

Show
View Real Time Build Order
Export as new Build Order

Scarlett Zerg - Winner!

Build Orders: Hatch First, Swarm Host 

Get SALT Encoding   

  12  0:00  Drone  
  13  0:12  Overlord  
  13  0:17  Drone  
  14  0:31  Drone x2  
  16  0:47  Hatchery  
  15  0:51  Drone  
  15  0:55  Drone  
  17  0:58  Drone  
  18  1:09  Extractor  
  17  1:13  Spawning Pool  
  17  1:16  Drone  
  17  1:20  Drone  
  18  1:28  Drone  
  19  1:39  Drone  
  20  1:49  Drone, Hatchery  
  20  1:59  Drone  
  20  2:00  Drone  
  22  2:05  Queen  
  24  2:17  Queen  
  24  2:20  Overlord  
  27  2:22  Drone  
  27  2:27  Metabolic Boost  
  27  2:32  Zergling x2  
  28  2:38  Zergling x2  
  28  2:39  Drone x2  
  28  2:43  Drone x2  
  33  2:49  Queen  
  35  2:55  Overlord  
  35  2:57  Drone  
  36  3:04  Queen  
  38  3:09  Drone x2  
  38  3:11  Drone  
  41  3:18  Drone x3  
  43  3:25  Overlord  
  43  3:26  Drone x3  
  46  3:32  Spore Crawler  
  46  3:34  Spore Crawler  
  44  3:38  Drone x3  
  47  3:43  Queen  
  49  3:49  Overlord  
  49  3:52  Drone x3  
  52  3:58  Drone x4  
  52  4:01  Overlord  
  56  4:04  Overlord  
  56  4:06  Zergling x2  
  57  4:10  Overlord  
  57  4:12  Zergling x4  
  57  4:15  Zergling x4  
  60  4:18  Zergling x4  
  60  4:21  Zergling x4  
  64  4:29  Zergling x12  
  69  4:35  Zergling x8  
  70  4:45  Lair, Drone x2  
  67  4:48  Roach Warren  
  67  4:51  Extractor  
  65  4:55  Drone x2  
  65  4:56  Drone x3  
  65  4:59  Drone  
  71  5:06  Drone x3  
  70  5:12  Drone x4  
  70  5:14  Drone  
  70  5:18  Evolution Chamber  
  63  5:21  Drone x4  
  63  5:24  Drone  
  63  5:25  Extractor  
  63  5:26  Extractor  
  63  5:27  Drone  
  65  5:39  Roach x5  
  75  5:43  Drone x4  
  75  5:45  Zerg Missile Weapons Level 1  
  75  5:47  Glial Reconstitution  
  79  5:56  Roach  
  79  5:57  Roach x2  
  82  6:01  Overlord x2  
  82  6:02  Overlord  
  82  6:08  Overlord  
  82  6:12  Overseer  
  82  6:15  Overlord, Infestation Pit  
  82  6:18  Extractor  
  80  6:19  Extractor  
  80  6:21  Drone x7  
  88  6:25  Roach  
  88  6:26  Roach  
  88  6:31  Drone  
  88  6:32  Drone  
  92  6:35  Queen  
  94  6:40  Drone x6  
  94  6:43  Roach  
  94  6:44  Roach  
  104  6:52  Roach x3  
  110  7:00  Roach  
  110  7:01  Roach x2  
  116  7:05  Drone x2  
  116  7:06  Roach  
  116  7:07  Roach, Overlord x2  
  122  7:12  Overlord x2  
  122  7:19  Overlord  
  122  7:20  Overlord x2  
  122  7:28  Swarm Host x4  
  134  7:32  Swarm Host  
  134  7:37  Extractor  
  135  7:42  Zerg Missile Weapons Level 2  
  134  7:45  Swarm Host x5  
  150  7:52  Swarm Host x3  
  159  8:02  Swarm Host x4  
  170  8:06  Overlord x2  
  170  8:07  Overlord  
  170  8:16  Swarm Host x2  
  176  8:25  Spine Crawler, Hatchery  
  174  8:30  Ravager x4  
  174  8:31  Roach  
  180  8:45  Roach x9  
  192  9:06  Ravager x4  
  192  9:07  Spine Crawler  
  195  9:10  Spine Crawler  
  184  9:30  Roach  
  184  9:31  Roach x7  
  194  9:32  Overlord x2  
  185  9:46  Roach x7  
  185  9:48  Overlord x2  
  193  9:55  Roach  
  193  9:56  Roach x2  
  187  10:11  Roach x2  
  187  10:12  Roach x7  
  199  10:19  Zerg Ground Armor Level 1  
  175  10:30  Roach x8  
  175  10:34  Spine Crawler  
  170  10:45  Ravager  
  170  10:46  Roach x2, Ravager x7  
  180  10:50  Queen x3  
  180  10:51  Roach x3  
  180  10:57  Roach x3  
  166  11:41  Roach x5  
  166  11:42  Roach x12  
  197  11:47  Roach  
  197  11:51  Roach x2  
  197  11:57  Roach x3  
  180  12:24  Spire  
  191  12:34  Extractor  
  191  12:36  Extractor  
Show
View Real Time Build Order
Export as new Build Order

Dear Protoss 

Build Orders: 1 Gate Expand, Oracle Opening, Archon Immortal 

Get SALT Encoding   

  12  0:00  Probe  
  13  0:12  Probe  
  14  0:18  Pylon  
  14  0:24  Probe  
  14  0:27  Assimilator  
  15  0:35  Probe  
  16  0:43  Gateway, Probe  
  17  0:51  Probe  
  18  1:03  Probe  
  19  1:15  Probe  
  20  1:23  Nexus  
  20  1:33  Cybernetics Core  
  20  1:36  Probe  
  21  1:41  Assimilator  
  21  1:48  Probe  
  21  1:51  Pylon  
  22  2:00  Adept, Probe  
  23  2:12  Warp Gate, Probe  
  26  2:20  Stargate  
  26  2:24  Probe  
  27  2:30  Adept  
  27  2:31  Probe  
  27  2:32  Probe  
  31  2:39  Probe  
  31  2:40  Probe  
  32  2:49  Probe  
  32  2:50  Probe  
  33  2:57  Gateway  
  33  2:58  Oracle  
  35  3:03  Gateway  
  35  3:12  Probe  
  39  3:13  Probe  
  39  3:17  Adept  
  42  3:22  Pylon  
  42  3:24  Probe  
  42  3:25  Probe  
  44  3:30  Oracle  
  44  3:36  Probe  
  44  3:37  Probe  
  44  3:41  Pylon  
  49  3:48  Probe  
  50  3:49  Probe  
  51  3:58  Pylon  
  51  3:59  Adept x3  
  51  4:01  Probe x2  
  59  4:07  Phoenix  
  61  4:10  Assimilator  
  61  4:13  Assimilator  
  61  4:15  Probe  
  61  4:16  Probe  
  63  4:19  Pylon  
  63  4:31  Probe  
  64  4:32  Probe  
  65  4:39  Robotics Facility  
  65  4:40  Twilight Council  
  65  4:46  Probe x2  
  65  4:51  Zealot x3  
  73  4:59  Nexus  
  73  5:10  Pylon  
  73  5:14  Zealot x3  
  66  5:22  Charge  
  66  5:26  Templar Archives  
  66  5:28  Probe x2  
  68  5:30  Immortal  
  72  5:40  Probe x2  
  72  5:41  Gateway  
  74  5:44  Gateway  
  74  5:55  Probe x2  
  76  5:58  Gateway  
  76  6:01  Forge  
  76  6:06  Psionic Storm  
  76  6:07  Probe x2  
  76  6:08  Protoss Ground Weapons Level 1  
  76  6:11  Immortal  
  78  6:12  Probe  
  83  6:19  Probe x2  
  83  6:22  High Templar x2  
  83  6:25  Assimilator  
  89  6:27  Assimilator  
  89  6:30  High Templar  
  89  6:31  Probe x2  
  93  6:39  Immortal, Probe  
  94  6:42  Pylon  
  94  6:43  Probe x2  
  100  6:57  Gateway, Probe  
  100  6:58  Gateway  
  100  7:00  Probe x2  
  103  7:03  High Templar  
  103  7:06  Pylon  
  105  7:09  Pylon, High Templar  
  105  7:10  Pylon  
  105  7:11  Immortal  
  105  7:13  Photon Cannon  
  107  7:26  Gateway  
  107  7:27  Gateway  
  111  7:30  Pylon, High Templar  
  111  7:32  High Templar  
  115  7:37  Photon Cannon  
  115  7:40  Warp Prism  
  115  7:44  Protoss Ground Weapons Level 2  
  115  7:45  Photon Cannon  
  117  7:52  Photon Cannon  
  117  8:01  Robotics Facility  
  117  8:04  Immortal  
  117  8:07  Pylon  
  117  8:12  High Templar x2  
  121  8:18  Zealot x2  
  121  8:19  Zealot x4  
  137  8:23  Pylon  
  134  8:28  Archon  
  131  8:37  Immortal  
  131  8:39  High Templar  
  131  8:40  Zealot x4, High Templar  
  141  8:44  Archon  
  141  8:47  Zealot x3  
  151  8:55  Pylon  
  147  8:56  Pylon  
  145  9:03  Immortal  
  133  9:19  Zealot  
  133  9:20  Zealot x6  
  135  9:26  Zealot x3  
  129  9:41  High Templar x4  
  129  9:42  High Templar x2  
  129  9:44  Immortal  
  129  9:45  Zealot  
  139  9:47  Archon  
  139  9:48  Archon  
  133  9:53  Zealot x3  
  125  10:16  Observer  
  119  10:21  Zealot x6  
  119  10:22  Zealot x2  
  126  10:31  Immortal  
  106  10:47  Zealot, High Templar x4  
  106  10:48  Zealot x5  
  126  10:53  Archon  
  126  10:54  Archon  
  126  10:58  Shield Battery  
  126  10:59  Immortal  
  126  11:00  Shield Battery  
  126  11:09  Zealot x3, High Templar x2  
  126  11:10  Zealot  
  142  11:15  Archon  
  132  11:38  Zealot x2  
  132  11:39  Zealot x6  
  106  12:00  High Templar x3  
  106  12:01  Zealot x6, High Templar  
  108  12:04  Archon x2  
  118  12:13  Pylon  
  88  12:27  Pylon  
  82  12:36  Zealot x7  
  82  12:37  Zealot x2  

Tags
 
Add a new tag
Caveats
  • Supply blocks, unpowered buildings, or Contaminate may cause inaccurate times.
  • Supply counts are checked every 10 seconds.